 Dungeon Crawl Stone Soup version 0.31-a0-117-g42d8f58691 (webtiles) character file.

Game seed: 7317852170210084375

52979 Esekla the Covert (level 14, -6/95 HPs)
             Began as an Octopode Delver on May 30, 2023.
             Was an Initiate of Gozag.
             Mangled by a cane toad (19 damage)
             ... on level 5 of the Lair of Beasts on May 31, 2023.
             The game lasted 03:05:40 (26019 turns).

Esekla the Covert (Octopode Delver)                Turns: 26019, Time: 03:05:41

Health: -6/95      AC:  5    Str: 22    XL:     14   Next: 66%
Magic:  28/45      EV: 18    Int: 27    God:    Gozag
Gold:   1253       SH:  5    Dex: 15    Spells: 15/31 levels left

rFire   + . .        g - +1 dagger (protect)
rCold   + . .        J - +0 buckler
rNeg    . . .        (helmet restricted)
rPois   +            K - amulet of magic regeneration
rElec   .            m - +6 ring of intelligence
rCorr   .            q - ring "Kawn" {rPois Str+3 Slay+3}
SInv    +            o - ring "Zoladuog" {rC+ Will+ SInv Stlth+}
Will    +++..        u - ring of Relativism {rPois Int+5 Dex+2}
Stlth   ++++++++     E - ring of willpower
HPRegen 0.35/turn    N - ring "Funaj" {+Blink rF+ MP+9 Stlth+}
MPRegen 0.69/turn    P - ring "Hotos" {MP+9 Str+6}
                     F - +4 ring of protection

%: no passive effects
@: gold aura, very slightly contaminated, studying Dodging
A: almost no armour, amphibious, 8 rings, camouflage 1, gelatinous body 1,
(nimble swimmer 1), tentacles
a: Renounce Religion, Evoke Blink, Potion Petition, Call Merchant, Bribe Branch


You were on level 5 of the Lair of Beasts.
You worshipped Gozag.
Gozag was most pleased with you.
You visited 3 branches of the dungeon, and saw 18 of its levels.

You collected 5580 gold pieces.
You spent 2064 gold pieces at shops.
You paid 2263 gold pieces to Gozag.

Inventory:

Hand Weapons
 a - a +0 long sword of holy wrath
 g - a +1 dagger of protection (weapon)
 r - the +8 trident of Doeps {freeze, rElec rC- Will+++ Dex-2}
   (You took it off a kobold on level 8 of the Dungeon)

   Dex:       It affects your dexterity (-2).
   rC:        It makes you vulnerable to cold.
   rElec:     It insulates you from electricity.
   Will:      It greatly increases your willpower.
 s - a +5 dagger
Missiles
 k - 38 poisoned darts (quivered)
 z - 2 throwing nets
 B - 3 boomerangs
 H - 3 javelins
Armour
 J - a +0 buckler (worn)
Jewellery
 m - a +6 ring of intelligence (left tentacle)
 o - the ring "Zoladuog" (on tentacle) {rC+ Will+ SInv Stlth+}
   (You bought it in a shop on level 10 of the Dungeon)

   [ring of protection from cold]

   rC:        It protects you from cold.
   SInv:      It lets you see invisible.
   Will:      It increases your willpower.
   Stlth:     It makes you more stealthy.
 p - an amulet of reflection
 q - the ring "Kawn" (right tentacle) {rPois Str+3 Slay+3}
   (You bought it in a shop on level 5 of the Dungeon)

   [ring of poison resistance]

   Str:       It affects your strength (+3).
   Slay:      It affects your accuracy & damage with ranged weapons and melee
   (+3).
   rPois:     It protects you from poison.
 u - the ring of Relativism (on tentacle) {rPois Int+5 Dex+2}
   (You bought it in a shop on level 10 of the Dungeon)

   [ring of poison resistance]

   Int:       It affects your intelligence (+5).
   Dex:       It affects your dexterity (+2).
   rPois:     It protects you from poison.
 E - a ring of willpower (on tentacle)
 F - a +4 ring of protection (on tentacle)
 K - an amulet of magic regeneration (around mantle)
 N - the ring "Funaj" (on tentacle) {+Blink rF+ MP+9 Stlth+}
   (You bought it in a shop on level 10 of the Dungeon)

   [ring of magical power]

   rF:        It protects you from fire.
   MP:        It affects your magic capacity (+9).
   +Blink:    It lets you blink.
   Stlth:     It makes you more stealthy.
 O - an amulet of regeneration
 P - the ring "Hotos" (on tentacle) {MP+9 Str+6}
   (You found it on level 12 of the Dungeon)

   [ring of magical power]

   Str:       It affects your strength (+6).
   MP:        It affects your magic capacity (+9).
Wands
 f - a wand of digging (10)
 i - a wand of light (5)
 A - a wand of iceblast (5)
 G - a wand of flame (12)
Scrolls
 b - 2 scrolls of fog
 c - 2 scrolls of teleportation
 d - a scroll of enchant weapon {unknown}
 j - 2 scrolls of silence
 n - 2 scrolls of magic mapping
 w - 3 scrolls of poison
 y - a scroll of enchant armour {unknown}
 L - 2 scrolls of butterflies {unknown}
Potions
 e - a potion of haste
 h - 5 potions of might
 l - a potion of lignification
 t - 4 potions of attraction
 v - 3 potions of cancellation
 x - a potion of magic
 C - 2 potions of mutation
 D - a potion of resistance
 I - 3 potions of brilliance


   Skills:
 * Level 8.5 Fighting
 + Level 5.3(8.8) Short Blades
 * Level 10.8(11.3) Long Blades
 + Level 3.1 Throwing
 * Level 11.4 Dodging
 + Level 12.5 Stealth
 + Level 3.8 Shields
 * Level 9.0 Spellcasting
 + Level 8.1 Conjurations
 + Level 3.8 Translocations
 - Level 6.6 Transmutations
 + Level 7.4 Fire Magic
 * Level 2.1 Air Magic
 * Level 2.7 Poison Magic
 * Level 2.6 Evocations


You had 15 spell levels left.
You knew the following spells:

 Your Spells              Type           Power      Damage    Failure   Level
c - Mephitic Cloud        Conj/Pois/Air  35%        N/A       2%          3
i - Irradiate             Conj/Tmut      25%        3d20      8%          5
n - Ignite Poison         Fire/Tmut/Pois 42%        N/A       1%          3
p - Apportation           Tloc           64%        N/A       1%          1
y - Sticky Flame          Conj/Fire      53%        2d7       2%          4

Your spell library contained the following spells:

 Spells                   Type           Power      Damage    Failure   Level
 Magic Dart               Conj           100%       1d8       1%          1
 Volatile Blastmotes      Fire/Tloc      84%        2d17      1%          3
 Inner Flame              Hex/Fire       32%        N/A       3%          3
 Cigotuvi's Dreadful Rot  Necr/Pois/Air  40%        N/A       4%          2
 Iskenderun's Mystic Bla  Conj/Tloc      44%        2d10      4%          4
 Slow                     Hex            48%        N/A       5%          1
 Iskenderun's Battlesphe  Conj           54%        2d10      5%          5
 Portal Projectile        Hex/Tloc       44%        N/A       8%          3
 Call Imp                 Summ           24%        N/A       9%          2
 Blade Hands              Tmut           24%        N/A       10%         5
 Fulminant Prism          Conj/Hex       17%        3d11      11%         4
 Tukima's Dance           Hex            12%        N/A       17%         3
 Arcjolt                  Conj/Air       20%        1d30      19%         5
 Alistair's Intoxication  Tmut/Pois      24%        N/A       22%         5
 Yara's Violent Unravell  Hex/Tmut       15%        3d8       36%         5
 Summon Forest            Summ/Tloc      11%        N/A       58%         5
 Borgnjor's Vile Clutch   Necr/Erth      6%         N/A       83%         5
 Lee's Rapid Deconstruct  Erth           6%         3d6*      83%         5
 Metabolic Englaciation   Hex/Ice        6%         N/A       83%         5
 Dragon Form              Tmut           24%        N/A       97%         7
 Death Channel            Necr           6%         N/A       100%        6
 Enfeeble                 Hex            6%         N/A       100%        7
 Ignition                 Fire           25%        3d9       100%        8
 Infestation              Necr           6%         N/A       100%        8
 Death's Door             Necr           6%         N/A       100%        9
 Animate Dead             Necr           Unusable   N/A       N/A         4

Dungeon Overview and Level Annotations

Branches:
Dungeon (12/15)            Temple (1/1) D:4            Lair (5/5) D:11
 Shoals (0/4) Lair:3       Spider (0/4) Lair:2        Slime (0/5) Lair:4
    Orc (0/2) D:10

Altars:
Ashenzari
Cheibriados
Dithmenos
Elyvilon
Fedhas
Gozag
Kikubaaqudgha
Nemelex Xobeh
Okawaru
Sif Muna
Trog
Vehumet
Wu Jian
Xom
Yredelemnul
Zin
Jiyva

Shops:
D:5 *   D:10 =*   D:11 =

Annotations:
D:9 steam dragon, Joseph, Psyche
Lair:2 2 transporters, Deiv's ghost, journeyman MiHu


Innate Abilities, Weirdness & Mutations

You cannot wear most types of armour.
You are amphibious.
You can wear up to eight rings at the same time.
Your skin changes colour to match your surroundings (Stealth+).
Your rubbery body absorbs attacks. (AC +1, EV +1)
((You are camouflaged when in or above water. (Stealth+)))
You have tentacles for arms and can constrict up to eight enemies at once.


Message History

The sticky flame hits the cane toad!
The cane toad is moderately wounded.
The cane toad is covered in liquid flames!
You constrict the water moccasin.
The cane toad burns! x2
The cane toad stops burning.
The water moccasin bites you but does no damage.
The cane toad stings you!!
* * * LOW HITPOINT WARNING * * *
The water moccasin bites you.
* * * LOW HITPOINT WARNING * * *
The cane toad closely misses you. The cane toad stings you!
* * * LOW HITPOINT WARNING * * *
You are lethally poisoned!
The cane toad poisons you!
The cane toad croaks.
You feel better.
You constrict the water moccasin.
The cane toad burns!
The water moccasin bites you but does no damage.
The cane toad closely misses you. The cane toad barely misses you.
Casting: Sticky Flame (dangerous; 2% risk of failure)
Confirm with . or Enter, or press ? or * to list all spells.
You erupt in a fountain of uncontrolled magic!
The cane toad is blasted with magical radiation!!
You kill the cane toad!
The cane toad is blasted with magical radiation!!
You kill the cane toad!
The water moccasin is blasted with magical radiation!!!
You kill the water moccasin!
You are very lightly contaminated with residual magic.
The cane toad is no longer distracted by gold.
Your Spellcasting skill increases to level 9!
Casting: Irradiate (dangerous; 8% risk of failure)
Confirm with . or Enter, or press ? or * to list all spells.
Aiming: Sticky Flame (dangerous; 2% risk of failure)
Press: ? - help, Shift-Dir - straight line, f - cane toad
Aim: a cane toad The sticky flame hits the cane toad but does no damage.
The cane toad is covered in liquid flames!
The cane toad burns!
The cane toad stings you!!
You die...
Your body crumbles into a pile of gold.

P.#.......#.+##.P.........
##.......###.##......P..P
####....#.#...#.#....P.# .
.PP....##.....+.......# .#
.......##......#......#...
..#....##.....##..........
###....###.#...#.$....##.
.###...# ###...##$....#
..#....###P..#.#@.$..#....
...............F$$........
..........................
.(........................
..........................
P((.......................
..........................
.....................#...#
.....................)#.


You could see a cane toad (burning).

Vanquished Creatures
  A stone giant (D:12)
  3 ettins
  3 hydras
  A catoblepas (Lair:4)
  2 ogre magi (D:12)
  3 boulder beetles
  2 two-headed ogres
  A skyshark (Lair:5)
  A goliath frog (Lair:5)
  2 deep elf pyromancers (D:12)
  A lindwurm (Lair:3)
  15 cyclopes (D:12)
  A manticore (D:11)
  An ugly thing (D:12)
  A water nymph (Lair:3)
  4 black mambas
  14 cane toads
  2 gargoyles
  2 unseen horrors (D:11)
  2 rime drakes
  7 komodo dragons
  A meliai (Lair:2)
  4 polar bears
  4 trolls
  A hornet (D:9)
  A tyrant leech (Lair:5)
  14 blink frogs
  10 dream sheep (Lair:4)
  6 slime creatures
  2 shadows
  6 wyverns
  A vampire (D:10)
  46 yaks
  A steam dragon (D:4)
  3 vampire mosquitoes (Lair:5)
  6 basilisks
  3 wargs (D:12)
  2 acid dragons
  13 water moccasins
  6 orc warriors
  3 ice beasts
  A sky beast (D:6)
  4 ogres (D:12)
  A swamp drake (D:10)
  4 black bears
  25 wolves
  A centaur (D:8)
  2 phantoms
  2 kobold brigands
  19 bullfrogs
  2 gnoll sergeants
  3 scorpions
  3 wights (D:8)
  2 killer bees (Lair:2)
  An electric eel (Lair:1)
  5 hounds
  7 orc priests
  2 sleepcaps
  2 gnoll boudas
  4 hell rats (Lair:4)
  5 iguanas
  15 orc wizards
  13 gnolls
  7 adders
  An ufetubus (D:4)
  4 worms
  A dart slug (D:4)
  51 orcs
  6 bats
  3 endoplasms
  3 giant cockroaches
  7 hobgoblins
  6 jackals
  22 kobolds
  6 quokkas
  2 ball pythons (D:2)
  6 frilled lizards
  14 goblins
  15 rats
479 creatures vanquished.

Notes
Turn   | Place    | Note
-------+----------+-------------------------------------------
     0 | D:5      | Esekla the Octopode Delver began the quest for the Orb.
     0 | D:5      | Reached XP level 1. HP: 16/16 MP: 1/1
    83 | D:5      | Noticed an orc priest
   112 | D:5      | Noticed an iguana
   136 | D:5      | Found a blossoming altar of Fedhas.
   233 | D:6      | Noticed a black bear
   308 | D:6      | Noticed an iguana
   491 | D:6      | Noticed a phantom
   498 | D:5      | Noticed a hound
   505 | D:5      | Killed a hound
   506 | D:5      | Reached skill level 7 in Stealth
   506 | D:5      | Reached XP level 2. HP: 18/21 MP: 0/3
   506 | D:5      | Reached XP level 3. HP: 23/26 MP: 0/4
   788 | D:6      | Noticed a bullfrog
   999 | D:6      | Noticed a bullfrog
  1285 | D:4      | Noticed a steam dragon
  1322 | D:4      | Found a staircase to the Ecumenical Temple.
  1326 | Temple   | Entered the Ecumenical Temple
  1378 | Temple   | Became a worshipper of Gozag Ym Sagoz the Greedy
  1479 | D:3      | Learned a level 1 spell: Apportation
  1910 | D:1      | Reached XP level 4. HP: 31/31 MP: 5/5
  1981 | D:1      | Reached skill level 1 in Spellcasting
  2196 | D:1      | Found a faded altar of an unknown god.
  2867 | D:5      | Bought a scroll labelled RONOAF PIONN for 21 gold pieces
  2867 | D:5      | Bought a glittering jade ring for 105 gold pieces
  2867 | D:5      | Identified the ring "Kawn" {rPois Str+3 Slay+3} (You bought
                  | it in a shop on level 5 of the Dungeon)
  2867 | D:5      | Bought a bubbling red potion for 18 gold pieces
  2893 | D:4      | Reached XP level 5. HP: 36/36 MP: 6/6
  2936 | D:4      | Reached skill level 1 in Conjurations
  3244 | D:3      | Reached skill level 1 in Fire Magic
  4262 | D:4      | Noticed a phantom
  4266 | D:4      | Killed a phantom
  4267 | D:4      | Reached XP level 6. HP: 43/43 MP: 6/8
  4364 | D:4      | Noticed a black bear
  4368 | D:4      | Killed a black bear
  4702 | D:4      | Reached skill level 8 in Stealth
  4702 | D:4      | Reached XP level 7. HP: 36/47 MP: 6/9
  4939 | D:5      | Reached skill level 1 in Translocations
  5600 | D:5      | Reached skill level 1 in Short Blades
  5676 | D:6      | Reached XP level 8. HP: 54/54 MP: 9/11
  5683 | D:6      | Learned a level 4 spell: Sticky Flame
  5718 | D:6      | Reached skill level 9 in Stealth
  6497 | D:7      | Reached skill level 1 in Throwing
  6606 | D:7      | Reached skill level 5 in Long Blades
  6606 | D:7      | Reached XP level 9. HP: 35/59 MP: 7/13
  6780 | D:7      | Got the Vellum of the Necrotic Jinx
  7131 | D:7      | Found a shadowy altar of Dithmenos.
  8084 | D:8      | Identified the +8 trident of Doeps {freeze, rElec rC-
                  | Will+++ Dex-2}
  8102 | D:8      | Reached skill level 10 in Stealth
  8631 | D:8      | Reached skill level 5 in Fighting
  9318 | D:9      | Reached skill level 1 in Transmutations
  9514 | D:9      | Reached skill level 5 in Fire Magic
  9660 | D:9      | Reached XP level 10. HP: 39/66 MP: 6/16
  9923 | D:9      | Found a sparkling altar of Nemelex Xobeh.
 10352 | D:9      | Noticed Psyche
 10669 | D:10     | Entered Level 10 of the Dungeon
 10914 | D:10     | Reached skill level 1 in Shields
 11073 | D:9      | Noticed Joseph
 11146 | D:10     | Found an iron altar of Okawaru.
 11147 | D:10     | Found a white marble altar of Elyvilon.
 11147 | D:10     | Noticed a gargoyle
 11673 | D:10     | Learned a level 5 spell: Irradiate
 11697 | D:10     | Killed a gargoyle
 11786 | D:10     | Noticed a two-headed ogre
 11800 | D:10     | HP: 1/100 [orc priest/divine providence (14)]
 12307 | D:4      | Reached skill level 5 in Dodging
 12966 | D:11     | Noticed an unseen horror
 12971 | D:11     | Killed an unseen horror
 13073 | D:11     | Noticed an unseen horror
 13077 | D:11     | Killed an unseen horror
 13129 | D:11     | Noticed a manticore
 13153 | D:11     | Noticed a two-headed ogre
 13193 | D:11     | Killed a two-headed ogre
 13194 | D:11     | Reached skill level 5 in Conjurations
 13194 | D:11     | Reached XP level 11. HP: 72/72 MP: 16/18
 13323 | D:11     | Noticed a boulder beetle
 13347 | D:11     | Killed a boulder beetle
 13348 | D:11     | Reached skill level 5 in Spellcasting
 13599 | D:11     | Killed a manticore
 13911 | D:11     | Reached skill level 11 in Stealth
 14115 | D:10     | Bought the ring "Zoladuog" {rC+ Will+ SInv Stlth+} for 535
                  | gold pieces
 14154 | D:11     | Found a staircase to the Lair.
 14768 | Lair:1   | Entered Level 1 of the Lair of Beasts
 14965 | D:12     | Noticed a cyclops
 15005 | D:12     | Noticed a deep elf pyromancer
 15942 | Lair:1   | Reached XP level 12. HP: 80/80 MP: 21/21
 15991 | Lair:1   | Noticed a boulder beetle
 16307 | Lair:1   | HP: 4/120 [boulder beetle (12)]
 16319 | Lair:1   | Killed a boulder beetle
 17417 | Lair:2   | Noticed a four-headed hydra
 17509 | D:10     | Bought the ring of Relativism {rPois Int+5 Dex+2} for 500
                  | gold pieces
 17686 | Lair:3   | Noticed an eight-headed hydra
 17943 | Lair:2   | Found a transporter.
 18007 | Lair:2   | Found a hole to the Spider Nest.
 18009 | Lair:2   | Reached skill level 5 in Transmutations
 18401 | Lair:2   | Noticed Deiv's ghost (journeyman MiHu)
 18404 | Lair:2   | Found a transporter.
 18845 | Lair:2   | Reached XP level 13. HP: 58/86 MP: 20/23
 19131 | D:10     | Bought the ring "Funaj" {+Blink rF+ MP+9 Stlth+} for 525
                  | gold pieces
 19401 | D:10     | Found a staircase to the Orcish Mines.
 19715 | D:12     | Noticed an ettin
 19742 | D:11     | Killed an ettin
 19743 | D:11     | Reached skill level 10 in Dodging
 21033 | D:12     | Reached skill level 10 in Long Blades
 21071 | D:12     | Noticed an ettin
 21221 | D:12     | Killed an ettin
 21583 | D:12     | Reached skill level 5 in Short Blades
 21662 | D:12     | Noticed an ettin
 21662 | D:12     | Noticed a stone giant
 22240 | D:12     | Killed a stone giant
 22385 | D:12     | Killed an ettin
 22419 | D:12     | Identified the ring "Hotos" {MP+9 Str+6}
 22422 | D:12     | Got Practical Theurgy
 22448 | D:12     | Identified the +5 spear of Qazlal's Envy {flame, Dex+2}
 22463 | D:12     | Identified the +4 sling "Senkunt" {flame, rElec Will+}
 22743 | Lair:3   | Reached skill level 1 in Evocations
 22748 | Lair:3   | HP: 3/88 [black mamba (16)]
 23004 | Lair:4   | Reached XP level 14. HP: 94/94 MP: 26/26
 23011 | Lair:4   | Reached skill level 12 in Stealth
 24127 | Lair:4   | Learned a level 3 spell: Mephitic Cloud
 24131 | Lair:4   | Learned a level 3 spell: Ignite Poison
 24312 | Lair:4   | Reached skill level 1 in Poison Magic
 24319 | Lair:4   | Found a viscous altar of Jiyva.
 24319 | Lair:4   | Found a staircase to the Slime Pits.
 24947 | D:11     | Bought a +4 ring of protection for 360 gold pieces
 25030 | Lair:5   | Entered Level 5 of the Lair of Beasts
 25155 | Lair:5   | Reached skill level 1 in Air Magic
 26016 | Lair:5   | HP: 4/95 [cane toad (15)]
 26019 | Lair:5   | Mangled by a cane toad

Illustrated notes

Levels and vault maps discovered:
D:1:      dpeg_arrival_boxorama, layout_rooms, chequers_ecumenical_altar_island,
          minmay_rat_gold_closets
D:2:      layout_loops_cross
D:3:      minmay_recursive_quarters, layout_loops_ring
D:4:      layout_loops_corners, lemuel_temple_firewalk_b,
          minmay_manual_mandibuliform
D:5:      layout_gridville, kennysheep_little_box, nicolae_stop_n_shop_1
D:6:      layout_basic, nrook_loot_triangle, kennysheep_dice
D:7:      layout_gridville, grunt_dithmenos_smoke, serial_bayou_crossing
D:8:      layout_basic
D:9:      layout_grid_maze, nemelex_xobeh_ov_fountains_minmay,
          serial_bayou_pond_d, minmay_misc_feat_more_columns, minivault_5,
          uniq_psyche, uniq_joseph
D:10:     layout_loops_ring, elyvilon_altar_1, lemuel_tele_altar, erik_orc_1,
          chequers_mini_garden
D:11:     layout_stronghold, hellmonk_lair_entry_icy
D:12:     giant_chief_lemuel, layout_loops_ring, hangedman_decor_peaks_small
Temple:   bh_familiar_temple
Lair:1:   layout_chaotic_city, portal_ice_cave_entry_ice_simulacra,
          serial_bayou_shore_b, serial_bayou_shore_a, grunt_megastairs_1
Lair:2:   layout_regular_city, hellmonk_spider_entry_not_the_bees,
          gammafunk_ghost_arena, grunt_megastairs_5, serial_bayou_shore_b
Lair:3:   layout_gridlike, nicolae_shoals_entry_flooding
Lair:4:   layout_loops_ring, dpeg_slime_entry_enclosed, grunt_megastairs_2
Lair:5:   minmay_lair_end_frog_pond, layout_regular_city, lemuel_fruit_tree

Skill      XL: |  1  2  3  4  5  6  7  8  9 10 11 12 13 14 |
---------------+-------------------------------------------+-----
Stealth        | 7 8 9 10 11 12 | 12.5
Spellcasting   | 1 2 3 4 6 7 8 9 |  9.0
Conjurations   | 1 2 3 4 5 6 7 8 |  8.1
Fire Magic     | 1 3 5 6 7 |  7.4
Long Blades    | 3 5 6 7 8 9 10 | 10.8
Translocations | 1 2 3 |  3.8
Short Blades   | 1 2 3 4 5 |  5.3
Dodging        | 3 4 5 7 9 10 11 | 11.4
Fighting       | 4 5 6 7 8 |  8.5
Throwing       | 1 2 3 |  3.1
Transmutations | 1 3 4 5 6 |  6.6
Shields        | 2 3 |  3.8
Evocations     | 1 2 |  2.6
Poison Magic   | 2 |  2.7
Air Magic      | 2 |  2.1

Action                     |  1- 3 |  4- 6 |  7- 9 | 10-12 | 13-15 || total
---------------------------+-------+-------+-------+-------+-------++-------
  Melee: Falchion          |    14 |       |       |       |       ||    14
         Constrict         |    10 |    27 |    55 |    51 |    55 ||   198
         Tentacles         |     4 |    19 |    48 |   127 |   124 ||   322
         Long sword        |    20 |    93 |   154 |    44 |       ||   311
         Dagger            |    10 |    29 |    28 |   367 |   385 ||   819
         Punch             |       |     2 |     5 |     9 |    10 ||    26
  Throw: Dart              |       |     1 |    21 |    29 |    48 ||    99
         Throwing net      |       |       |     1 |       |       ||     1
         Boomerang         |       |       |     1 |       |       ||     1
   Cast: Apportation       |     7 |    12 |    10 |    26 |    46 ||   101
         Sticky Flame      |       |       |    16 |   104 |    94 ||   214
         Irradiate         |       |       |       |     2 |    24 ||    26
         Ignite Poison     |       |       |       |       |     4 ||     4
         Mephitic Cloud    |       |       |       |       |     2 ||     2
 Invoke: Call Merchant     |       |       |       |     2 |     1 ||     3
Ability: Evoke Blink       |       |       |       |       |     3 ||     3
  Evoke: Wand              |     1 |       |       |       |     2 ||     3
    Use: Scroll            |     3 |     4 |     8 |    11 |     2 ||    28
         Potion            |     1 |       |     3 |    11 |     1 ||    16
   Stab: Sleeping          |    12 |    26 |    13 |    24 |    17 ||    92
         Distracted        |       |       |     4 |     7 |     5 ||    16
         Held in net/web   |       |       |     1 |       |       ||     1
         Confused          |       |       |       |       |     1 ||     1
 Armour: Skin              |     6 |     7 |     4 |    85 |    37 ||   139
  Dodge: Dodged            |    35 |    88 |   127 |   247 |   253 ||   750
  Block: Buckler           |       |       |       |    89 |    65 ||   154

Table legend: (Time is in decaauts)
 A = Elapsed time spent in this place.
 B = Non-inter-level travel time spent in this place.
 C = Inter-level travel time spent in this place.
 D = Time resting spent in this place.
 E = Time spent auto-exploring this place.
 F = Levels seen in this place.
 G = Mean time per level.
                   A        B        C        D        E       F      G
               +--------+--------+--------+--------+--------+-----+--------+
         Total |  25783 |  24426 |   1357 |   7922 |   5095 |  18 | 1432.4 |
       Dungeon |  19049 |  18021 |   1028 |   5483 |   3488 |  12 | 1587.4 |
        Temple |     81 |     52 |     29 |      0 |     38 |   1 |   81.0 |
          Lair |   6652 |   6352 |    300 |   2439 |   1569 |   5 | 1330.4 |
               +--------+--------+--------+--------+--------+-----+--------+

Top non-repeatable levels by time:
    D:11: 3292 daAuts
    D:12: 2482 daAuts
    D:10: 2020 daAuts
     D:9: 1919 daAuts
  Lair:2: 1852 daAuts
  Lair:4: 1834 daAuts
  Lair:1: 1529 daAuts
     D:6: 1455 daAuts
     D:7: 1398 daAuts
     D:4: 1387 daAuts
     D:8: 1319 daAuts
     D:5: 1188 daAuts
     D:3: 1012 daAuts
  Lair:3: 944 daAuts
     D:1: 793 daAuts
